[Event "Titled Tuesday Blitz June 27 Early 2023"]
[White "Berezin, Viktor"]
[Black "Goryachkina, Aleksandra"]
[WhiteFideId "14107872"]
[BlackFideId "4147103"]
[WhiteElo "2531"]
[BlackElo "2686"]
[Result "1/2-1/2"]
[Round "6"]
[TimeControl "180+2"]
[Date "2023.06.27"]
[WhiteClock "0:00:07"]
[BlackClock "0:00:04"]
[Board "73"]

1. d4 Nf6 2. Nf3 d5 3. c4 e6 4. g3 dxc4 5. Qa4+ Nbd7 6. Bg2 a6 7. Qxc4 b5 8. Qc2 Bb7 9. O-O c5 10. dxc5 Bxc5 11. a3 Rc8 12. Qd1 O-O 13. b3 Qe7 14. Bb2 Rfd8 15. Nbd2 Nb6 16. e3 Ne4 17. Qe2 Nxd2 18. Nxd2 Bxg2 19. Kxg2 Qb7+ 20. Nf3 Bf8 21. Rac1 Qd5 22. Bd4 Nd7 23. b4 e5 24. e4 Qe6 25. Be3 f6 26. Rfd1 g6 27. h4 Be7 28. h5 Nf8 29. h6 Qg4 30. Bb6 Rxd1 31. Rxc8 Qxc8 32. Qxd1 Ne6 33. Qd5 Kf7 34. Be3 Qd8 35. Qc6 Qd3 36. Nd2 Qd6 37. Qb7 Nd8 38. Qc8 Qc6 39. Qb8 Qd6 40. Qc8 Qc6 41. Qb8 Qd6 42. Qa7 Qe6 43. Nf3 Nc6 44. Qxa6 Qc4 45. a4 Nxb4 46. Qxb5 Qxe4 47. Bd2 Nd5 48. Qb3 g5 49. Kh2 g4 50. Nh4 Ke6 51. Ng2 Qe2 52. Be3 f5 53. a5 Qf3 54. a6 f4 55. gxf4 g3+ 56. fxg3 Kf5 57. Qc2+ e4 58. Qf2 Qh5+ 59. Kg1 Qd1+ 60. Ne1 Qa4 61. g4+ Ke6 62. f5+ Kd7 63. Ng2 Qa1+ 64. Kh2 Bd6+ 65. Nf4 Nxe3 66. Qxe3 Qe5 67. Kg3 Qa5 68. Qxe4 Qa3+ 69. Qf3 Qxa6 70. Kh3 Qc4 71. Nh5 Qc1 72. Nf6+ Kc7 73. Nxh7 Qxh6+ 74. Kg2 Qxh7 75. Qc3+ Kd7 76. Qh3 Qe7 77. Qf3 Qe5 78. f6 Ke8 79. Kf1 Kf7 80. Qf5 Qxf5+ 81. gxf5 Kxf6 82. Ke2 Kxf5 1/2-1/2


[Site "https://www.chess.com"]

[Event "Titled Tuesday Blitz June 27 Early 2023"]
[White "Mattheii"]
[Black "Veiga, Jose Francisco R P Neves"]
[BlackFideId "1930087"]
[WhiteElo "2523"]
[BlackElo "2684"]
[Result "1-0"]
[Round "6"]
[TimeControl "180+2"]
[Date "2023.06.27"]
[WhiteClock "0:00:38"]
[BlackClock "0:00:05"]
[Board "74"]

1. d4 e6 2. c4 b6 3. Nc3 Bb7 4. Qc2 Nf6 5. e4 Bb4 6. e5 Ne4 7. Nf3 O-O 8. Bd3 d5 9. exd6 Nxd6 10. Bxh7+ Kh8 11. Bd3 Bxf3 12. gxf3 Qh4 13. Be3 Nc6 14. Be4 Nxc4 15. Qe2 N4a5 16. O-O-O Rad8 17. Rhg1 Bxc3 18. bxc3 Qh5 19. Rg5 Qh3 20. Rdg1 Rg8 21. Qb5 Ne7 22. Rh5+ 1-0


[Site "https://www.chess.com"]

[Event "Titled Tuesday Blitz June 27 Early 2023"]
[White "Taspinar, Yanki"]
[Black "Ritvin, Stanislav"]
[WhiteFideId "34561188"]
[BlackFideId "2011751"]
[WhiteElo "2675"]
[BlackElo "2499"]
[Result "0-1"]
[Round "6"]
[TimeControl "180+2"]
[Date "2023.06.27"]
[WhiteClock "0:00:00"]
[BlackClock "0:00:13"]
[Board "75"]

1. Nf3 Nf6 2. g3 d5 3. Bg2 c6 4. d4 Bf5 5. O-O e6 6. b3 Nbd7 7. Bb2 h6 8. Nbd2 Ne4 9. c4 Be7 10. Nxe4 Bxe4 11. Nd2 Bxg2 12. Kxg2 O-O 13. Qc2 Qc7 14. e4 dxe4 15. Nxe4 Nf6 16. Rad1 Rfd8 17. Rd2 Rd7 18. Rfd1 Nxe4 19. Qxe4 Bf6 20. h4 Rad8 21. Bc3 c5 22. Qe3 cxd4 23. Bxd4 Bxd4 24. Rxd4 Rxd4 25. Rxd4 Rxd4 26. Qxd4 a6 27. c5 h5 28. b4 g6 29. Qe4 Qd7 30. a4 Kf8 31. Qe5 Ke7 32. Qb8 Qd5+ 33. Kh2 Qf3 34. Qd6+ Ke8 35. Kg1 Qe4 36. Qb6 Qe1+ 37. Kg2 Qe4+ 38. Kh2 Qf3 39. c6 Qxc6 40. Qa7 Ke7 41. a5 Kf6 42. Qd4+ e5 43. Qd8+ Kg7 44. Qe7 Qd5 45. Kg1 Qd1+ 46. Kh2 Qd4 47. Kg2 e4 48. Kg1 Qd1+ 49. Kh2 Qf3 50. Qe5+ Kh7 51. Qd4 Qd3 52. Qb6 Qd5 53. Kg1 Kg7 54. Qc7 Kf6 55. Qb6+ Ke5 56. Qc7+ Kd4 57. Qc2 Qc4 58. Qd2+ Qd3 59. Qf4 Qd1+ 60. Kh2 Qf3 61. Qd2+ Kc4 62. Kg1 e3 63. Qc2+ Kxb4 64. Qb2+ Kxa5 65. Qc3+ Kb5 66. Qd3+ Kc5 67. Qc3+ Kd5 68. Qb3+ Ke5 69. Qc3+ Kf5 70. Qd3+ Kg4 71. Qd7+ f5 72. fxe3 Qxe3+ 73. Kf1 Qf3+ 74. Ke1 Qxg3+ 75. Kd1 Qf3+ 76. Ke1 Qe4+ 77. Kf1 Kxh4 78. Qd2 Qf3+ 79. Kg1 Qg3+ 80. Kf1 f4 81. Qd8+ g5 82. Qd7 Qf3+ 83. Ke1 g4 84. Qc7 Kg3 85. Qc2 h4 86. Qc4 h3 87. Qc5 Qe3+ 0-1


[Site "https://www.chess.com"]

[Event "Titled Tuesday Blitz June 27 Early 2023"]
[White "Garrido Outon, Alex"]
[Black "Kourkoulos-Arditis, Stamatis"]
[WhiteFideId "24516279"]
[BlackFideId "4221990"]
[WhiteElo "2495"]
[BlackElo "2674"]
[Result "0-1"]
[Round "6"]
[TimeControl "180+2"]
[Date "2023.06.27"]
[WhiteClock "0:00:07"]
[BlackClock "0:00:08"]
[Board "76"]

1. e4 Nf6 2. d3 c5 3. Nf3 Nc6 4. g3 d6 5. Bg2 g6 6. O-O Bg7 7. c3 O-O 8. Re1 Bg4 9. h3 Bxf3 10. Qxf3 Rb8 11. a4 a6 12. Na3 b5 13. axb5 axb5 14. Bd2 Nd7 15. Qe2 b4 16. Nc4 Nb6 17. e5 Nxc4 18. dxc4 Nxe5 19. f4 Nd7 20. Qxe7 Nb6 21. Qe4 bxc3 22. bxc3 Re8 23. Qd3 Qd7 24. Rxe8+ Rxe8 25. Ra6 Qc7 26. Kh2 h6 27. f5 g5 28. Bd5 Be5 29. Be4 Bf6 30. Ra1 Kg7 31. h4 Qe7 32. Bf3 gxh4 33. gxh4 Be5+ 34. Kh3 Qf6 35. Rg1+ Kh7 36. Bc6 Rg8 37. Rxg8 Kxg8 38. Bd5 Kf8 39. Be4 Na4 40. Qc2 Nxc3 41. Qc1 Nxe4 0-1


[Site "https://www.chess.com"]

[Event "Titled Tuesday Blitz June 27 Early 2023"]
[White "Gheorghiu, Calin"]
[Black "Danielyan, Vahe"]
[WhiteFideId "1200305"]
[BlackFideId "13304828"]
[WhiteElo "2490"]
[BlackElo "2674"]
[Result "0-1"]
[Round "6"]
[TimeControl "180+2"]
[Date "2023.06.27"]
[WhiteClock "0:00:01"]
[BlackClock "0:00:10"]
[Board "77"]

1. e4 c5 2. Ne2 Nc6 3. Ng3 g6 4. Bb5 h5 5. h4 Bg7 6. c3 Nf6 7. Qe2 Ng4 8. d3 Qc7 9. Nd2 Kf8 10. Ndf1 Nd4 11. cxd4 Qa5+ 12. Qd2 Qxb5 13. a4 Qb4 14. Qxb4 cxb4 15. d5 d6 16. Ne3 Ne5 17. Ke2 b6 18. f4 Nd7 19. a5 Ba6 20. axb6 axb6 21. Nc4 Nc5 22. Be3 Kg8 23. Bxc5 bxc5 24. Ra5 Kh7 25. Rha1 Bxc4 26. Rxa8 Rxa8 27. Rxa8 Bb3 28. e5 Bxd5 29. exd6 exd6 30. Rd8 Bxb2 31. Rxd6 Ba2 32. Ne4 Bd4 33. Rd7 Kg8 34. Nd6 b3 35. Rd8+ Kg7 36. Nc4 b2 37. Nxb2 Bxb2 38. Ra8 Be6 39. Rb8 Bd4 40. g3 Bg4+ 41. Kd2 Bf5 42. Rb7 Kf6 43. Rb6+ Be6 44. Rc6 Kf5 45. Ke2 Kg4 0-1


[Site "https://www.chess.com"]

[Event "Titled Tuesday Blitz June 27 Early 2023"]
[White "Boraso, Alessio"]
[Black "Leon Oquendo, Jorge"]
[WhiteFideId "848077"]
[BlackFideId "3514803"]
[WhiteElo "2480"]
[BlackElo "2671"]
[Result "0-1"]
[Round "6"]
[TimeControl "180+2"]
[Date "2023.06.27"]
[WhiteClock "0:00:00"]
[BlackClock "0:01:01"]
[Board "78"]

1. e4 c6 2. d4 d5 3. e5 Bf5 4. Nc3 e6 5. g4 Bg6 6. Nge2 h6 7. Nf4 Bh7 8. Bd3 Bxd3 9. Qxd3 c5 10. Be3 cxd4 11. Bxd4 Nc6 12. O-O-O Rc8 13. Kb1 Qa5 14. Qb5 Qxb5 15. Nxb5 a6 16. Na7 Nxa7 17. Bxa7 Ne7 18. h4 Nc6 19. Bd4 Nxd4 20. Rxd4 Bc5 21. Rd2 Ke7 22. Nd3 Bb6 23. h5 Rc4 24. f4 Be3 25. Re2 Bxf4 26. Rf1 Bg5 27. b3 Rxg4 28. Nc5 Rb8 29. Ref2 f6 30. Re2 f5 31. c4 dxc4 32. Rd1 b6 33. Nxa6 Rc8 34. Rf1 cxb3 35. axb3 b5 36. Rd1 Rc6 37. Nb8 Rc7 38. Na6 Rc3 39. Rc2 Rxc2 40. Kxc2 Rg2+ 41. Kc3 f4 42. Nb8 f3 43. Nc6+ Ke8 44. Kd3 f2 45. Ke2 Rg1 46. Rf1 Rxf1 47. Kxf1 Be3 48. Nb4 Bd4 49. Nc6 Bc5 50. Na5 Kd7 51. Nb7 Bd4 52. Na5 Kc7 53. b4 Bxe5 54. Kxf2 Bc3 55. Nb3 Bxb4 56. Kf3 Bc3 57. Ke4 Kd6 0-1


[Site "https://www.chess.com"]

[Event "Titled Tuesday Blitz June 27 Early 2023"]
[White "Sahib Singh"]
[Black "Kovalevsky, Stanislav"]
[WhiteFideId "25618342"]
[BlackFideId "13508598"]
[WhiteElo "2659"]
[BlackElo "2479"]
[Result "1-0"]
[Round "6"]
[TimeControl "180+2"]
[Date "2023.06.27"]
[WhiteClock "0:00:36"]
[BlackClock "0:00:00"]
[Board "80"]

1. e4 e6 2. d4 d5 3. Nd2 dxe4 4. Nxe4 Nf6 5. Nxf6+ gxf6 6. Nf3 Nc6 7. c3 Ne7 8. Bd3 Bd7 9. Bf4 Bc6 10. Qe2 h5 11. O-O-O Qd7 12. Bc2 O-O-O 13. c4 Rg8 14. Rhg1 Rg4 15. Be3 Be4 16. Bxe4 Rxe4 17. h3 Nf5 18. Qd3 Qc6 19. Kb1 Nxe3 20. fxe3 Bh6 21. Rge1 f5 22. Qc3 f4 23. exf4 Rxe1 24. Rxe1 Bxf4 25. b3 Rg8 26. Re2 Qd6 27. Kb2 c5 28. dxc5 Qxc5 29. b4 Qc7 30. c5 Rd8 31. Kc2 Rd5 32. Re4 Bh6 33. Qh8+ Qd8 34. Qxh6 Qd7 35. Qh8+ Kc7 36. Rd4 Qa4+ 37. Kb2 Qb5 38. Kb3 1-0


[Site "https://www.chess.com"]

[Event "Titled Tuesday Blitz June 27 Early 2023"]
[White "Papasimakopoulos, Alexandros"]
[Black "Yeritsyan, Hayk"]
[WhiteFideId "4244125"]
[BlackFideId "13307320"]
[WhiteElo "2658"]
[BlackElo "2470"]
[Result "0-1"]
[Round "6"]
[TimeControl "180+2"]
[Date "2023.06.27"]
[WhiteClock "0:01:02"]
[BlackClock "0:00:24"]
[Board "81"]

1. d4 d5 2. c4 e6 3. Nc3 dxc4 4. e4 a6 5. Bxc4 b5 6. Bd3 Bb7 7. Nf3 Nf6 8. e5 Nd5 9. Ne4 Nd7 10. O-O c5 11. Bg5 Qb6 12. dxc5 Nxc5 13. Nxc5 Bxc5 14. a3 h6 15. Bh4 O-O 16. b4 Be7 17. Bxe7 Nxe7 18. Qe2 Rfd8 19. Rfd1 Rac8 20. h3 Qa7 21. Rac1 Qa8 22. Ne1 Nd5 23. Qe4 Nf6 24. Qh4 Nd7 25. Qg3 Nf8 26. Bf1 Bd5 27. Nd3 Bc4 28. Nc5 Bxf1 29. Kxf1 a5 30. h4 axb4 31. axb4 Qa2 32. h5 Rxd1+ 33. Rxd1 Qc4+ 34. Nd3 Rd8 35. Ke1 Nh7 36. f4 Nf8 37. Qe3 Rd4 38. Qd2 Re4+ 39. Kf2 Rd4 40. Ke3 Re4+ 41. Kf3 Rd4 42. Kf2 Nd7 43. Ke3 Nb6 44. Rc1 Nd5+ 45. Ke2 Rxd3 46. Rxc4 Rxd2+ 47. Kxd2 bxc4 48. b5 Nb6 49. Kc3 Kf8 50. Kd4 Ke7 51. Kc5 c3 52. Kxb6 c2 53. Ka7 c1=Q 54. b6 Qxf4 55. b7 Qxe5 56. b8=Q Qxb8+ 57. Kxb8 Kf6 58. g4 Kg5 59. Kc7 Kxg4 60. Kd6 Kxh5 61. Ke7 Kg6 62. Kd6 Kf6 63. Kc5 g5 64. Kd4 Kg6 65. Ke3 f5 66. Kf2 e5 67. Kg3 Kh5 68. Kf2 g4 69. Kg2 Kg5 70. Kg3 h5 71. Kg2 h4 72. Kh2 f4 73. Kg2 e4 74. Kf2 h3 75. Kg1 g3 76. Kh1 f3 77. Kg1 e3 78. Kh1 e2 79. Kg1 f2+ 80. Kh1 e1=Q# 0-1


[Site "https://www.chess.com"]

[Event "Titled Tuesday Blitz June 27 Early 2023"]
[White "Alex_Sahakyan2006"]
[Black "Herzog2012"]
[WhiteElo "2653"]
[BlackElo "2474"]
[Result "1-0"]
[Round "6"]
[TimeControl "180+2"]
[Date "2023.06.27"]
[WhiteClock "0:01:44"]
[BlackClock "0:00:00"]
[Board "82"]

1. d4 Nf6 2. Nf3 e6 3. Bf4 c5 4. e3 Qb6 5. Qc1 Nc6 6. c3 Nh5 7. Bg5 h6 8. Bh4 g5 9. Bg3 Nxg3 10. hxg3 Bg7 11. Nbd2 d5 12. Qc2 Bd7 13. Nb3 c4 14. Nc5 O-O-O 15. b3 cxb3 16. axb3 g4 17. Nd2 e5 18. Nxd7 Rxd7 19. Be2 h5 20. O-O exd4 21. exd4 Kb8 22. Qf5 Re7 23. Bd3 Qc7 24. b4 Qd7 25. Nb3 Qxf5 26. Bxf5 b6 27. b5 Nd8 28. Ra2 Rhe8 29. Nc1 Re1 30. Nd3 Rxf1+ 31. Kxf1 Nb7 32. Bd7 Re7 33. Bc6 Nd6 34. Nb4 Ne4 35. Bxd5 Nxc3 36. Nc6+ Kc8 37. Nxe7+ Kd7 38. Rxa7+ Kd6 39. Bxf7 Bxd4 40. Nf5+ Kc5 41. Rc7+ Kxb5 42. Nxd4+ Kb4 43. Rc4+ Ka5 44. Nb3+ 1-0


[Site "https://www.chess.com"]

[Event "Titled Tuesday Blitz June 27 Early 2023"]
[White "Soham Kamotra"]
[Black "gueraumasague"]
[WhiteFideId "46647490"]
[WhiteElo "2653"]
[BlackElo "2470"]
[Result "1-0"]
[Round "6"]
[TimeControl "180+2"]
[Date "2023.06.27"]
[WhiteClock "0:00:14"]
[BlackClock "0:00:02"]
[Board "83"]

1. d4 g6 2. e4 Bg7 3. Nf3 c6 4. h3 d5 5. e5 Nh6 6. Be2 O-O 7. O-O f6 8. Bf4 Nf7 9. Nbd2 fxe5 10. Nxe5 Nxe5 11. Bxe5 Bxe5 12. dxe5 Nd7 13. Nf3 Qb6 14. c4 e6 15. Qc2 Qc7 16. Rfd1 Nxe5 17. cxd5 exd5 18. Rxd5 Nxf3+ 19. Bxf3 Bxh3 20. Rad1 Bf5 21. Qc3 Rad8 22. Rxd8 Rxd8 23. Bd5+ Rxd5 24. Rxd5 Qe7 25. Re5 Qf7 26. a3 h5 27. Qe3 Bd7 28. Qxa7 Qf4 29. Qe3 Qc4 30. Qc3 Qf4 31. Re7 1-0


[Site "https://www.chess.com"]

[Event "Titled Tuesday Blitz June 27 Early 2023"]
[White "Reprintsev, Alexander"]
[Black "Kaidanov, Gregory"]
[WhiteFideId "14100541"]
[BlackFideId "2008564"]
[WhiteElo "2467"]
[BlackElo "2649"]
[Result "1/2-1/2"]
[Round "6"]
[TimeControl "180+2"]
[Date "2023.06.27"]
[WhiteClock "0:00:23"]
[BlackClock "0:00:03"]
[Board "84"]

1. e4 e5 2. Nf3 Nc6 3. Bc4 Bc5 4. b4 Bxb4 5. c3 Be7 6. d4 Na5 7. Be2 exd4 8. Qxd4 Nf6 9. e5 Nc6 10. Qh4 Nd5 11. Qg3 g6 12. Bh6 d6 13. O-O dxe5 14. Rd1 e4 15. Ng5 Bd6 16. Qh4 Nde7 17. Nxe4 Nf5 18. Qxd8+ Nxd8 19. Nxd6+ cxd6 20. Bf4 Ne6 21. Bxd6 Nxd6 22. Rxd6 Ke7 23. Rd2 Bd7 24. Na3 Bc6 25. Nc4 Rhd8 26. Rb2 b6 27. a4 Nc5 28. a5 Rab8 29. axb6 axb6 30. Rxb6 Rxb6 31. Nxb6 Rd2 32. Bf3 Bxf3 33. gxf3 Nd3 34. Ra7+ Kf8 35. Rd7 Rd1+ 36. Kg2 Nf4+ 37. Kg3 Ne2+ 38. Kh3 Rg1 39. Nd5 Rg5 40. c4 Ng1+ 41. Kh4 Nxf3+ 42. Kh3 Rg1 43. Ne3 Ng5+ 44. Kh4 Nf3+ 45. Kh3 h5 46. Rd1 Ng5+ 47. Kh4 Nf3+ 48. Kh3 Rg5 49. Rd5 f5 50. c5 Rg1 51. c6 Ng5+ 52. Kh4 Nf3+ 53. Kh3 Ng5+ 54. Kh4 Nf3+ 55. Kh3 1/2-1/2


[Site "https://www.chess.com"]

[Event "Titled Tuesday Blitz June 27 Early 2023"]
[White "Sadykov, Ramil"]
[Black "Miszler, Levente"]
[WhiteFideId "24113590"]
[BlackFideId "763276"]
[WhiteElo "2647"]
[BlackElo "2466"]
[Result "0-1"]
[Round "6"]
[TimeControl "180+2"]
[Date "2023.06.27"]
[WhiteClock "0:00:00"]
[BlackClock "0:00:21"]
[Board "85"]

1. d4 Nf6 2. Nc3 e6 3. e4 d5 4. e5 Nfd7 5. Nce2 c5 6. c3 Nc6 7. f4 Qb6 8. Nf3 cxd4 9. cxd4 Bb4+ 10. Bd2 O-O 11. Bxb4 Qxb4+ 12. Qd2 Qxd2+ 13. Kxd2 b6 14. Rc1 Bb7 15. Nc3 a6 16. Bd3 Rfc8 17. h4 h6 18. h5 b5 19. g4 Nb6 20. b3 b4 21. Ne2 a5 22. g5 a4 23. gxh6 gxh6 24. Ke3 axb3 25. axb3 Na5 26. Nd2 Rxc1 27. Rxc1 Ba6 28. Bxa6 Rxa6 29. Rc7 Ra8 30. f5 Rc8 31. Rxc8+ Nxc8 32. f6 Na7 33. Nc1 Nb5 34. Kd3 Nc6 35. Ne2 Kh7 36. Nf3 Na5 37. Kc2 Nc6 38. Kb2 Kg8 39. Kc1 Kh7 40. Kc2 Kg8 41. Kd3 Na5 42. Nd2 Kh7 43. Ke3 Kg8 44. Nc1 Nc6 45. Nd3 Nbxd4 46. Nc5 Nf5+ 47. Kf4 Ncd4 48. Nd3 Nc6 49. Nc5 Nfd4 0-1


[Site "https://www.chess.com"]

[Event "Titled Tuesday Blitz June 27 Early 2023"]
[White "Titichoca Daza, Daniel"]
[Black "Bauman_Guy"]
[WhiteFideId "3309550"]
[WhiteElo "2453"]
[BlackElo "2645"]
[Result "0-1"]
[Round "6"]
[TimeControl "180+2"]
[Date "2023.06.27"]
[WhiteClock "0:00:01"]
[BlackClock "0:01:12"]
[Board "86"]

1. d4 Nf6 2. Nf3 b6 3. c4 e6 4. g3 Ba6 5. Bg2 Bxc4 6. Nc3 c6 7. Ne5 Ba6 8. O-O Be7 9. a4 d5 10. Qc2 O-O 11. Bf4 Qc8 12. Rfc1 Nbd7 13. e4 Bb7 14. exd5 cxd5 15. Qe2 Ba6 16. Nb5 Qe8 17. Nc6 Ne4 18. Bxe4 dxe4 19. Qxe4 Nf6 20. Qe1 Nd5 21. Nd6 Qd7 22. Nxe7+ Qxe7 23. Nb5 Bxb5 24. axb5 Nxf4 25. gxf4 Rfd8 26. Qe4 Rd5 27. Rc6 Rad8 28. Rac1 g6 29. Rc8 Kg7 30. Rxd8 Qxd8 31. Qe2 Qd7 32. Rc6 Qe7 33. Qc4 Qf6 34. Rc7 Rxd4 35. Qc6 Qxf4 36. Rc8 Rd1+ 37. Kg2 Qg4# 0-1


[Site "https://www.chess.com"]

[Event "Titled Tuesday Blitz June 27 Early 2023"]
[White "Schnaider, Ilan"]
[Black "Luukkonen, Tommi"]
[WhiteFideId "169013"]
[BlackFideId "501808"]
[WhiteElo "2645"]
[BlackElo "2446"]
[Result "1-0"]
[Round "6"]
[TimeControl "180+2"]
[Date "2023.06.27"]
[WhiteClock "0:00:13"]
[BlackClock "0:00:26"]
[Board "87"]

1. e4 c5 2. Nf3 d6 3. Bb5+ Nd7 4. a4 Nf6 5. Nc3 g6 6. a5 a6 7. Be2 Bg7 8. O-O O-O 9. d4 cxd4 10. Qxd4 Nb8 11. h3 Nc6 12. Qe3 Nxa5 13. Rd1 Nd7 14. Nd5 Nc6 15. Qf4 Nde5 16. Nxe5 Nxe5 17. Qh4 e6 18. Qxd8 Rxd8 19. Nb6 Rb8 20. Bg5 f6 21. Bf4 Nf7 22. Bc4 e5 23. Be3 Kf8 24. Ra3 f5 25. f3 Bh6 26. Bf2 fxe4 27. fxe4 Ng5 28. Bh4 Re8 29. Rxd6 Nxe4 30. Rf3+ Kg7 31. Nxc8 Rbxc8 32. Rd7+ Kh8 33. Bd5 Bg5 34. Rff7 Nf6 35. Bxg5 Nxd7 36. Rxd7 Rf8 37. Bh6 b5 38. Bg7# 1-0


[Site "https://www.chess.com"]

[Event "Titled Tuesday Blitz June 27 Early 2023"]
[White "Manukian, Artak"]
[Black "Megalios, Konstantinos"]
[WhiteFideId "13301373"]
[BlackFideId "4238044"]
[WhiteElo "2419"]
[BlackElo "2634"]
[Result "1-0"]
[Round "6"]
[TimeControl "180+2"]
[Date "2023.06.27"]
[WhiteClock "0:02:33"]
[BlackClock "0:00:07"]
[Board "88"]

1. e4 e5 2. Nf3 Nc6 3. d4 exd4 4. Nxd4 Bc5 5. Nxc6 bxc6 6. Bc4 Nf6 7. e5 Ne4 8. Bxf7+ Kxf7 9. Qf3+ Nf6 10. exf6 Qxf6 11. Qh5+ Qg6 12. Qxc5 Re8+ 13. Be3 Qxg2 14. Rf1 Ba6 15. c4 Re4 16. Nd2 d6 17. Qf5+ Kg8 18. Qxe4 1-0


[Site "https://www.chess.com"]

[Event "Titled Tuesday Blitz June 27 Early 2023"]
[White "Mickiewicz, Piotr"]
[Black "Ahmad, Khagan"]
[WhiteFideId "1114891"]
[BlackFideId "13431552"]
[WhiteElo "2394"]
[BlackElo "2631"]
[Result "1-0"]
[Round "6"]
[TimeControl "180+2"]
[Date "2023.06.27"]
[WhiteClock "0:01:47"]
[BlackClock "0:00:03"]
[Board "89"]

1. Nf3 d5 2. d3 c6 3. Nbd2 Nf6 4. e4 Bg4 5. Be2 e6 6. c3 Nbd7 7. O-O Bd6 8. Re1 O-O 9. Qc2 Qc7 10. h3 Bxf3 11. Nxf3 e5 12. Bf1 Rfe8 13. Nh4 g6 14. Nf3 Kg7 15. g3 h6 16. a4 Rad8 17. a5 a6 18. b4 c5 19. exd5 cxb4 20. c4 Nxd5 21. Bb2 Nc3 22. Bxc3 bxc3 23. Qxc3 Nc5 24. Bg2 Kh7 25. h4 h5 26. Ng5+ Kg7 27. Bd5 f6 28. Ne4 Nxe4 29. dxe4 Bc5 30. Rab1 b5 31. axb6 Bxb6 32. Rb3 Bd4 33. Qf3 Rb8 34. Reb1 Rxb3 35. Qxb3 a5 36. Kg2 Re7 37. Qb5 Qc5 38. Qb8 Rc7 39. Rb5 Kh6 40. Rxc5 1-0


[Site "https://www.chess.com"]

[Event "Titled Tuesday Blitz June 27 Early 2023"]
[White "Rosh Jain"]
[Black "Chen, Justin"]
[WhiteFideId "25789465"]
[BlackFideId "2098199"]
[WhiteElo "2299"]
[BlackElo "2623"]
[Result "0-1"]
[Round "6"]
[TimeControl "180+2"]
[Date "2023.06.27"]
[WhiteClock "0:00:36"]
[BlackClock "0:00:04"]
[Board "90"]

1. e4 e5 2. Nf3 Nf6 3. Nxe5 Nc6 4. Nf3 Nxe4 5. Nc3 Nxc3 6. dxc3 Be7 7. Bd3 O-O 8. O-O d5 9. Be3 Bg4 10. h3 Bh5 11. Be2 Re8 12. Nd4 Bxe2 13. Qxe2 Nxd4 14. cxd4 c6 15. Qf3 Qd6 16. c3 Qf6 17. Bf4 Kf8 18. Qg3 Qg6 19. Rfe1 Qxg3 20. Bxg3 f6 21. Re6 Kf7 22. Rae1 Bf8 23. Rxe8 Rxe8 24. Rxe8 Kxe8 25. f3 Kd7 26. Kf2 Ke6 27. Ke3 h5 28. h4 Be7 29. Bb8 a6 30. g4 g6 31. Bf4 c5 32. dxc5 Bxc5+ 33. Ke2 f5 34. gxh5 gxh5 35. Bg5 Ke5 36. Kd3 b5 37. Be3 Be7 38. f4+ Kd6 39. Bf2 Bf6 40. b3 Kc6 41. c4 dxc4+ 42. bxc4 b4 43. Kc2 Be7 44. Kb3 Bc5 45. Bg3 a5 46. Ka4 Be3 47. Kxa5 Kc5 48. Be1 Bxf4 49. Bxb4+ Kxc4 50. Be7 Bd2+ 51. Kb6 f4 52. a4 Be3+ 53. Kb7 f3 54. a5 f2 55. Bc5 Bxc5 56. a6 f1=Q 57. a7 Qf3+ 58. Kb8 Bxa7+ 59. Kc8 Qf7 60. Kd8 Bb6+ 61. Kc8 Qc7# 0-1


[Site "https://www.chess.com"]

[Event "Titled Tuesday Blitz June 27 Early 2023"]
[White "Elgersma, Onno"]
[Black "Marchesich, Giovanni"]
[WhiteFideId "1053531"]
[BlackFideId "2824790"]
[WhiteElo "2621"]
[BlackElo "2277"]
[Result "1-0"]
[Round "6"]
[TimeControl "180+2"]
[Date "2023.06.27"]
[WhiteClock "0:01:55"]
[BlackClock "0:01:12"]
[Board "91"]

1. Nf3 Nf6 2. b3 c5 3. Bb2 d6 4. e3 e5 5. c4 Nc6 6. Nc3 Bf5 7. d3 g6 8. a3 a5 9. Be2 Bg7 10. O-O O-O 11. Nd2 Be6 12. Nde4 Nxe4 13. dxe4 f5 14. exf5 gxf5 15. Nd5 Ne7 16. f4 Bxd5 17. cxd5 e4 18. Bxg7 Kxg7 19. Qd2 Qb6 20. Bc4 a4 21. bxa4 Rxa4 22. Rab1 Qa7 23. Qb2+ Kf7 24. Be2 Rb8 25. Bh5+ Ng6 26. g4 c4 27. gxf5 Qxe3+ 28. Kh1 c3 29. Qg2 1-0


[Site "https://www.chess.com"]

[Event "Titled Tuesday Blitz June 27 Early 2023"]
[White "Jakubowski, Krzysztof"]
[Black "Philippe, Guillaume"]
[WhiteFideId "1112848"]
[BlackFideId "36048763"]
[WhiteElo "2620"]
[BlackElo "2269"]
[Result "1-0"]
[Round "6"]
[TimeControl "180+2"]
[Date "2023.06.27"]
[WhiteClock "0:01:14"]
[BlackClock "0:00:02"]
[Board "92"]

1. e4 c5 2. Nf3 Nc6 3. d4 cxd4 4. Nxd4 Nf6 5. Nc3 e5 6. Ndb5 d6 7. Bg5 a6 8. Na3 b5 9. Nd5 Be7 10. Bxf6 Bxf6 11. c3 Ne7 12. Nxf6+ gxf6 13. Be2 Bb7 14. Bf3 d5 15. exd5 Bxd5 16. O-O Rg8 17. Nc2 Bxf3 18. Qxf3 Qd5 19. Qh3 Nf5 20. Rfd1 Qe4 21. Ne1 Rd8 22. Rxd8+ Kxd8 23. Qxh7 Rf8 24. Nf3 Ke7 25. Re1 Qc2 26. g4 Nd4 27. Qxc2 Nxc2 28. Rc1 e4 29. Nh4 Rg8 30. h3 Ke6 31. Rxc2 1-0


[Site "https://www.chess.com"]

[Event "Titled Tuesday Blitz June 27 Early 2023"]
[White "Ganiev, Roman"]
[Black "Coelho, Ramyres Santana"]
[WhiteFideId "4131452"]
[BlackFideId "2120690"]
[WhiteElo "2618"]
[BlackElo "2260"]
[Result "0-1"]
[Round "6"]
[TimeControl "180+2"]
[Date "2023.06.27"]
[WhiteClock "0:00:04"]
[BlackClock "0:00:44"]
[Board "93"]

1. e4 c5 2. Nf3 d6 3. d4 cxd4 4. Nxd4 Nf6 5. Nc3 a6 6. h3 e6 7. g4 b5 8. g5 Nfd7 9. h4 Bb7 10. Bg2 b4 11. Nce2 Nc6 12. Be3 Rc8 13. Qd2 Qa5 14. Nb3 Qc7 15. f4 Nb6 16. Qd3 Be7 17. O-O O-O 18. h5 a5 19. Rac1 a4 20. Nbd4 Na5 21. b3 d5 22. e5 Bc5 23. g6 hxg6 24. hxg6 Qe7 25. Bh3 Bxd4 26. Bxd4 Nd7 27. Qg3 Nc6 28. Bf2 Ba6 29. Rfe1 Nc5 30. gxf7+ Rxf7 31. Bxc5 Qxc5+ 32. Qf2 Qxf2+ 33. Kxf2 Bxe2 34. Bxe6 Ba6 35. Bxd5 Ne7 36. Be6 Rc6 37. Bxf7+ Kxf7 38. Red1 Ng6 39. Rd4 axb3 40. axb3 Ne7 41. Rxb4 Rh6 42. Rb6 Rxb6 43. Ra1 Rc6 44. c4 Nf5 45. Ra3 Nd4 46. Ke3 Nc2+ 0-1


[Site "https://www.chess.com"]

[Event "Titled Tuesday Blitz June 27 Early 2023"]
[White "Komov, Roman"]
[Black "hsd2016"]
[WhiteFideId "24175714"]
[WhiteElo "2617"]
[BlackElo "2214"]
[Result "0-1"]
[Round "6"]
[TimeControl "180+2"]
[Date "2023.06.27"]
[WhiteClock "0:01:08"]
[BlackClock "0:01:03"]
[Board "94"]

1. e4 e5 2. Nf3 Nc6 3. Bc4 Nf6 4. d3 Bc5 5. c3 O-O 6. O-O h6 7. Nbd2 a6 8. h3 d6 9. Bb3 Be6 10. Bc2 d5 11. exd5 Bxd5 12. Re1 Re8 13. Nf1 Qd7 14. Ng3 Rad8 15. Nh4 Be6 16. Bxh6 gxh6 17. Qc1 Bf8 18. d4 exd4 19. Qf4 Bg7 20. Rad1 Qd6 21. Qf3 Ne5 22. Qxb7 Bd5 23. Qa7 d3 24. Nhf5 dxc2 25. Nxd6 cxd1=Q 26. Rxd1 Rxd6 27. Nf5 Rd7 28. Qe3 Nf3+ 0-1


[Site "https://www.chess.com"]

[Event "Titled Tuesday Blitz June 27 Early 2023"]
[White "Kuzmin, Roman"]
[Black "Sevian, Samuel"]
[WhiteFideId "44134932"]
[BlackFideId "2040506"]
[WhiteElo "2532"]
[BlackElo "3044"]
[Result "0-1"]
[Round "6"]
[TimeControl "180+2"]
[Date "2023.06.27"]
[WhiteClock "0:00:44"]
[BlackClock "0:02:22"]
[Board "95"]

1. e4 b6 2. d4 Bb7 3. c4 Bxe4 4. Nc3 Bb7 5. Nf3 Nf6 6. Bd3 e6 7. Bg5 Be7 8. Qd2 d5 9. O-O-O Nbd7 10. Ne5 dxc4 11. Bxc4 Nxe5 12. dxe5 Qxd2+ 13. Rxd2 Nd7 14. Bxe7 Kxe7 15. f4 Rhd8 16. Nb5 a6 17. Nc3 b5 18. Bd3 Nc5 19. Bc2 Rxd2 20. Kxd2 Rd8+ 21. Ke3 g6 22. b4 Nd7 23. Be4 Bxe4 24. Nxe4 Nb6 25. Rc1 Nc4+ 26. Ke2 Rd4 27. Nc5 Rd2+ 28. Kf3 Rxa2 29. Rd1 Rd2 30. Rxd2 Nxd2+ 31. Ke2 Nc4 32. Nxa6 Kd7 33. Nc5+ Kc6 34. Ne4 h6 35. Kd3 Nb6 36. Ke3 Nd5+ 37. Kf3 Nxb4 38. g4 Nd5 39. h4 b4 40. h5 gxh5 41. gxh5 b3 42. Ng5 b2 0-1


[Site "https://www.chess.com"]